 Seeded DCSS version 0.30-a0-279-g4b46babb21 (webtiles) character file.

Game seed: 14720310581446802608 (custom seed)

877 purpskrrrp the Covert (level 8, 0/39 HPs)
             Began as a Vine Stalker Brigand on Oct 16, 2022.
             Slain by an ogre
             ... wielding a +0 giant spiked club
              (26 damage)
             ... on level 5 of the Dungeon.
             The game lasted 00:04:59 (3428 turns).

purpskrrrp the Covert (Vine Stalker Brigand)        Turns: 3428, Time: 00:05:00

Health: 0/39       AC:  7    Str: 23    XL:     8   Next: 4%
Magic:  0/9        EV: 11    Int: 11    God:
Gold:   243        SH:  0    Dex: 20    Spells: 7/7 levels left

rFire   . . .      SeeInvis .    m - +11 dagger "Teud" {vorpal, *Noise Fly Str+3 Dex+2}
rCold   . . .      Faith    .    (no shield)
rNeg    . . .      Spirit   +    b - +0 robe
rPois   .          Reflect  .    (no helmet)
rElec   .          Harm     .    c - +0 cloak
rCorr   .          Rampage  .    k - +2 pair of gloves
Will    ++...                    v - +0 pair of boots
Stlth   ++++......               (no amulet)
HPRegen 1.06/turn                j - +6 ring of strength
MPRegen 0.11/turn                l - ring of willpower

@: flying
A: fangs 3, regeneration 1, magic shield, antimagic bite, no potion heal 2
a: no special abilities


You were on level 5 of the Dungeon.
You visited 1 branch of the dungeon, and saw 5 of its levels.

You collected 243 gold pieces.

Inventory:

Hand Weapons
 a - a +2 dagger
 i - a +1 dagger of venom
 m - the +11 dagger "Teud" (weapon) {vorpal, *Noise Fly Str+3 Dex+2}
   (You found it on level 4 of the Dungeon)

   It inflicts extra damage upon your enemies.
   Str:       It affects your strength (+3).
   Dex:       It affects your dexterity (+2).
   Fly:       It grants you flight.
   *Noise:    It may make noises in combat.
Armour
 b - a +0 robe (worn)
 c - a +0 cloak (worn)
 k - a +2 pair of gloves (worn)
 v - a +0 pair of boots (worn)
Jewellery
 j - a +6 ring of strength (left hand)
 l - a ring of willpower (right hand)
 p - an amulet of faith
 q - a ring of willpower
 u - a ring of protection from fire
 w - a +6 ring of intelligence
Wands
 A - a wand of flame (32)
 C - a wand of light (5)
Scrolls
 d - a scroll of noise {unknown}
 e - 2 scrolls of blinking {unknown}
 g - a scroll of magic mapping {unknown}
 n - a scroll of enchant weapon {unknown}
 o - 2 scrolls of torment {unknown}
 s - 3 scrolls of teleportation {unknown}
 y - a scroll of silence {unknown}
 z - 2 scrolls of identify {unknown}
Potions
 f - 2 potions of curing {unknown}
 h - 2 potions of heal wounds {unknown}
 r - a potion of haste {unknown}
 t - a potion of flight {unknown}
 x - a potion of degeneration {unknown}
 B - a potion of ambrosia {unknown}


   Skills:
 - Level 1.8 Fighting
 + Level 6.6 Short Blades
 - Level 1.8 Throwing
 - Level 0.7 Dodging
 * Level 8.5 Stealth


You had 7 spell levels left.
You didn't know any spells.
Your spell library contained the following spells:

 Spells                   Type           Power      Damage    Failure   Level
 Magic Dart               Conj           0%         1d3       34%         1
 Shock                    Conj/Air       0%         1d3       34%         1
 Call Imp                 Summ           0%         N/A       47%         2
 Mephitic Cloud           Conj/Pois/Air  0%         N/A       71%         3
 Swiftness                Air            0%         N/A       71%         3
 Airstrike                Air            0%         2d(0-16)  98%         4


Dungeon Overview and Level Annotations

Branches:
Dungeon (5/15)
 Temple: D:4-7

Altars:
Cheibriados
Okawaru

Annotations:
D:3 3 runed translucent doors, Darkkill's ghost, amateur GrCK


Innate Abilities, Weirdness & Mutations

You have razor-sharp teeth.
Your natural rate of healing is unusually fast.
When hurt, damage is shared between your health and your magic reserves.
Your bite disrupts and absorbs the magic of your enemies.
Potions cannot restore your health.


Message History

The orc closely misses you. Something hits you but does no damage.
The phantom completely misses you.
You hit the phantom.
The phantom is moderately damaged.
You puncture the phantom! You bite the phantom, but do no damage.
The phantom is almost destroyed.
The orc hits you with a +0 war axe. Something hits you. The phantom hits you.
The phantom blinks!
You blink.
You hit the phantom but do no damage. Your bite misses the phantom.
The phantom is almost destroyed.
The phantom hits you but does no damage.
You hit the phantom.
You destroy the phantom!
You have reached level 8!
You feel agile.
Your teeth grow very long and razor-sharp.
The orc barely misses you.
You barely miss the orc. You bite the orc. You drain its power.
You feel invigorated.
The orc is lightly wounded.
The orc hits you with a +0 club. The orc barely misses you.
You hit the orc.
The orc is almost dead.
The orc barely misses you. The orc hits you with a +0 war axe.
You hit the orc.
You kill the orc!
You puncture the orc!
You kill the orc!
You hit the ogre.
The ogre is lightly wounded.
The ogre hits you with a +0 giant spiked club!
You puncture the ogre! You bite the ogre. You drain its power.
You feel invigorated.
The ogre is severely wounded.
Something hits you.
You hit the ogre.
The ogre is severely wounded.
The ogre hits you with a +0 giant spiked club!!
Ouch! That really hurt!
You die...

#.#...<.##.........# ##
#.##.)..###.......## #
#.##.#.## ##.....## #
#.##.#)######...## #
#.##.#......##'## #
#..<.....##.##>########
####...#...............
###O).##.##.#######.
#@####.#...## ##.
#.####......# #..
#......#...## #.#
#########.## #.. #.#
### #.#


You could see an ogre.

Vanquished Creatures
  A black bear (D:4)
  An ice beast (D:5)
  An ogre (D:5)
  A phantom (D:5)
  A necrophage (D:5)
  An iron imp (D:4)
  A jelly (D:4)
  2 orc priests (D:4)
  2 iguanas
  5 orc wizards
  3 gnolls (D:5)
  3 adders
  5 worms
  5 dart slugs
  16 orcs
  8 ball pythons
  An endoplasm (D:1)
  2 giant cockroaches
  7 goblins
  9 hobgoblins
  10 jackals
  5 quokkas
  5 bats
  3 frilled lizards
  5 kobolds
  8 rats
111 creatures vanquished.

Notes
Turn   | Place    | Note
-------+----------+-------------------------------------------
     0 | D:1      | purpskrrrp the Vine Stalker Brigand began the quest for the
                  | Orb.
     0 | D:1      | Reached XP level 1. HP: 11/11 MP: 2/2
   173 | D:3      | Reached XP level 2. HP: 14/15 MP: 3/3
   307 | D:3      | Reached XP level 3. HP: 16/18 MP: 2/4
   505 | D:4      | Found a snail-covered altar of Cheibriados.
   518 | D:4      | Gained mutation: Your natural rate of healing is unusually
                  | fast. [Vine Stalker growth]
   518 | D:4      | Reached XP level 4. HP: 13/23 MP: 5/5
   639 | D:4      | Noticed a black bear
   647 | D:4      | Identified the +11 dagger "Teud" {vorpal, *Noise Fly Str+3
                  | Dex+2}
   658 | D:4      | Killed a black bear
   659 | D:4      | Reached XP level 5. HP: 26/26 MP: 6/6
   689 | D:4      | Reached skill level 5 in Short Blades
   827 | D:4      | Reached XP level 6. HP: 30/30 MP: 5/7
   839 | D:4      | Reached skill level 5 in Stealth
  1037 | D:3      | Noticed Darkkill's ghost (amateur GrCK)
  1037 | D:3      | Found a runed translucent gate.
  1037 | D:3      | Found a runed translucent gate.
  1037 | D:3      | Found a runed translucent gate.
  1576 | D:2      | Found a faded altar of an unknown god.
  2152 | D:2      | Reached skill level 6 in Stealth
  2683 | D:3      | Found an iron altar of Okawaru.
  2995 | D:3      | Reached XP level 7. HP: 32/34 MP: 8/8
  3109 | D:5      | Entered Level 5 of the Dungeon
  3307 | D:5      | Reached skill level 7 in Stealth
  3406 | D:5      | Reached skill level 8 in Stealth
  3420 | D:5      | Gained mutation: You have razor-sharp teeth. [Vine Stalker
                  | growth]
  3420 | D:5      | Reached XP level 8. HP: 33/39 MP: 7/9
  3428 | D:5      | Slain by an ogre

Illustrated notes

Levels and vault maps discovered:
D:1:      giann_forest_graveyard, layout_basic
D:2:      minmay_general_purpose_star, layout_loops_corners,
          ebering_ecumenical_altar_petrified
D:3:      layout_basic, hellmonk_okawaru_the_only_friend_you_need,
          ebering_ghost_rock_garden, minmay_circle_x
D:4:      layout_basic, slow_altar_1
D:5:      layout_loops_corners, grunt_temple_overflow_lords_of_destruction,
          dk_yredelemnul_ordeal, hangedman_decor_clover_reticule,
          minmay_splitting_lines, minmay_misc_feat_pillars

Skill      XL: |  1  2  3  4  5  6  7 |
---------------+----------------------+-----
Short Blades   | 2 3 4 5 6 |  6.6
Stealth        | 6 8 |  8.5
Fighting       | |  1.8
Throwing       | |  1.8
Dodging        | |  0.7

Action                   |  1- 3 |  4- 6 |  7- 9 || total
-------------------------+-------+-------+-------++-------
Melee: Dagger            |    70 |    72 |    56 ||   198
       Bite              |    16 |    16 |    14 ||    46
       Punch             |     2 |       |       ||     2
Throw: Dart              |    38 |   116 |     3 ||   157
 Stab: Sleeping          |       |     1 |     1 ||     2
Armor: Robe              |    13 |     6 |    15 ||    34
Dodge: Dodged            |    33 |    22 |    17 ||    72

Table legend: (Time is in decaauts)
 A = Elapsed time spent in this place.
 B = Non-inter-level travel time spent in this place.
 C = Inter-level travel time spent in this place.
 D = Time resting spent in this place.
 E = Time spent auto-exploring this place.
 F = Levels seen in this place.
 G = Mean time per level.
                   A        B        C        D        E       F      G
               +--------+--------+--------+--------+--------+-----+--------+
         Total |   3360 |   3297 |     63 |      0 |   2671 |   5 |  672.0 |
       Dungeon |   3360 |   3297 |     63 |      0 |   2671 |   5 |  672.0 |
               +--------+--------+--------+--------+--------+-----+--------+

Top non-repeatable levels by time:
     D:2: 944 daAuts
     D:3: 827 daAuts
     D:1: 675 daAuts
     D:4: 613 daAuts
     D:5: 300 daAuts
